 Dungeon Crawl Stone Soup version 0.19-a0-1091-g463c9de (webtiles) character file.

210 HaroldButt the Conjurer (level 5, 0/28 HPs)
             Began as a Deep Elf Conjurer on Aug 7, 2016.
             Killed from afar by Blork the orc (8 damage)
             ... with a puff of flame
             ... on level 3 of the Dungeon.
             The game lasted 00:11:42 (2958 turns).

HaroldButt the Conjurer (Deep Elf Conjurer)         Turns: 2958, Time: 00:11:43

Health: 0/28       AC:  4    Str:  5    XL:     5   Next: 57%
Magic:  3/14       EV: 13    Int: 21    God:
Gold:   167        SH:  0    Dex: 15    Spells: 4 memorised, 2 levels left

rFire  . . .     SeeInvis .     f - +0 dagger
rCold  . . .     Gourm    .     m - +0 robe
rNeg   . . .     Faith    .     (no shield)
rPois  .         Spirit   .     (no helmet)
rElec  .         Dismiss  .     k - +1 cloak
rCorr  .         Reflect  .     (no gloves)
SustAt .         Harm     .     (no boots)
MR     .....                    (no amulet)
Stlth  ++........               (no ring)
                                (no ring)

@:
A: no striking features
a: no special abilities


You were on level 3 of the Dungeon.
You were not hungry.

You visited 1 branch of the dungeon, and saw 4 of its levels.

You collected 167 gold pieces.

Inventory:

Hand Weapons
 f - a +0 dagger (weapon)
 r - a cursed +0 blowgun
Missiles
 j - 34 poisoned needles
 p - 5 curare-tipped needles
Armour
 a - a +0 robe
 k - a +1 cloak (worn)
 m - a +0 robe (worn)
Wands
 q - a wand of lightning (4/15)
Scrolls
 e - a scroll of identify
 l - a scroll of remove curse
Potions
 d - a potion of flight
Books
 b - a book of Conjurations

   Spells                             Type                      Level
   a - Magic Dart                     Conjuration                  1
   b - Searing Ray                    Conjuration                  2
   c - Dazzling Spray                 Conjuration/Hexes            3
   d - Fulminant Prism                Conjuration/Hexes            4
   e - Iskenderun's Mystic Blast      Conjuration                  4
   f - Iskenderun's Battlesphere      Conjuration/Charms           5
Comestibles
 c - 3 bread rations
 g - 3 fruits
 n - a slice of pizza
 o - 4 chunks of flesh


   Skills:
 - Level 2.4 Dodging
 - Level 2.4 Stealth
 - Level 5.0 Spellcasting
 + Level 6.7 Conjurations


You had 2 spell levels left.
You knew the following spells:

 Your Spells              Type           Power        Failure   Level  Hunger
a - Magic Dart            Conj           ####         1%          1    None
b - Searing Ray           Conj           ####..       1%          2    None
c - Iskenderun's Mystic   Conj           ####....     8%          4    ####...
d - Iskenderun's Battles  Conj/Chrm      ###.....     78%         5    #####..


Dungeon Overview and Level Annotations

Branches:
Dungeon (4/15)
 Temple: D:4-7

Altars:
Ashenzari
Trog

Annotations:
D:3 Blork the orc


Message History

* * * LOW HITPOINT WARNING * * *
Casting: Searing Ray
Confirm with . or Enter, or press ? or * to list all spells.
Aiming: Magic Dart
Press: ? - help, Shift-Dir - straight line, f - Blork the orc
Aim: Blork the orc, wielding a broad axe and wearing a robe (moderately wounded, fast, unusually resistant)
Okay, then.
Casting: Magic Dart
Confirm with . or Enter, or press ? or * to list all spells.
Aiming: Searing Ray
Press: ? - help, Shift-Dir - straight line, f - Blork the orc
Aim: Blork the orc, wielding a broad axe and wearing a robe (moderately wounded, fast, unusually resistant)
The searing ray hits Blork the orc.
Blork the orc is heavily wounded.
The searing ray hits Blork the orc.
Blork the orc is severely wounded.
Blork the orc is no longer unusually resistant.
Blork the orc gestures at you while chanting.
The puff of flame hits you!
You die...

#.########.# #.# #.# #.#
#.# #.# #.# ##########.#
#.# ..(........# #.#
###################.#
######............#.#
........[..>..o.@.#.#######
######.#..#.#######.#.....#
######.#............#.###.#
#....#.#..#.#########.###.#
#.##.#....................#
.....####.###########.#.#.#
#.#.....#.# #.#.#.#
#.#..#....# #.#.#.#
#.#..#..########## #.#.#.#


You could see Blork the orc.

Vanquished Creatures
  An orc priest (D:3)
  3 gnolls (D:2)
  4 adders
  3 oozes
  3 worms
  3 dart slugs
  4 giant geckos
  8 orcs
  A ball python (D:2)
  4 giant cockroaches
  9 goblins
  3 hobgoblins
  9 jackals
  9 kobolds
  A quokka (D:2)
  5 bats
  3 giant newts
  6 rats
79 creatures vanquished.

Notes
Turn   | Place    | Note
-------+----------+-------------------------------------------
     0 | D:1      | HaroldButt the Deep Elf Conjurer began the quest for the Orb.
     0 | D:1      | Reached XP level 1. HP: 10/10 MP: 6/6
   160 | D:1      | Reached XP level 2. HP: 10/15 MP: 1/8
   171 | D:1      | Reached skill level 5 in Conjurations
   185 | D:1      | Learned a level 2 spell: Searing Ray
   489 | D:1      | Reached XP level 3. HP: 19/19 MP: 5/10
   921 | D:2      | Found a bloodstained altar of Trog.
  1249 | D:2      | Reached skill level 5 in Spellcasting
  1252 | D:2      | Reached XP level 4. HP: 24/24 MP: 7/13
  1260 | D:2      | Learned a level 4 spell: Iskenderun's Mystic Blast
  2085 | D:3      | Found a shattered altar of Ashenzari.
  2097 | D:3      | Reached skill level 6 in Conjurations
  2285 | D:3      | Reached XP level 5. HP: 28/28 MP: 10/14
  2300 | D:3      | Learned a level 5 spell: Iskenderun's Battlesphere
  2932 | D:4      | Noticed Blork the orc
  2958 | D:3      | Killed from afar by Blork the orc

Vault maps used:
D:1:      shiori_arrival_elements, minmay_tiny_reverse_x
D:2:      nicolae_overflow_hidden_temple
D:3:      ashenzari_altar_1, supply_closet_lemuel
D:4:      serial_shops, nicolae_shop_waterfront, first_bread, minmay_rat_hole,
          uniq_robin, uniq_blork_the_orc

Skill      XL: |  1  2  3  4 |
---------------+-------------+-----
Conjurations   | 5 6 |  6.7
Spellcasting   | 5 |  5.0
Dodging        | |  2.4
Stealth        | |  2.4

Action                   |  1- 3 |  4- 6 || total
-------------------------+-------+-------++-------
Melee: Dagger            |     8 |    69 ||    77
 Cast: Magic Dart        |    72 |    59 ||   131
       Searing Ray       |     3 |     8 ||    11
       Iskenderun's Myst |       |     2 ||     2
  Use: Scroll            |       |     8 ||     8
       Potion            |       |     2 ||     2
 Stab: Sleeping          |       |     1 ||     1
  Eat: Chunk             |     1 |     6 ||     7
Armor: Robe              |     4 |    28 ||    32
Dodge: Dodged            |     8 |    84 ||    92
